 Dungeon Crawl Stone Soup version 0.28.0 (webtiles) character file.

Game seed: 2021024861687937894

11 SnakkuSnakku7 the Charlatan (level 2, 0/16 HPs)
             Began as a Deep Elf Artificer on Feb 16, 2022.
             Slain by a goblin (4 damage)
             ... on level 2 of the Dungeon.
             The game lasted 00:00:56 (1733 turns).

SnakkuSnakku7 the Charlatan (Deep Elf Artificer)    Turns: 1733, Time: 00:00:56

Health: 0/16       AC:  3    Str:  9    XL:     2   Next: 17%
Magic:  4/4        EV: 12    Int: 15    God:
Gold:   69         SH:  0    Dex: 15    Spells: 1/1 levels left

rFire   . . .      SeeInvis .   a - +0 club
rCold   . . .      Faith    .   (no shield)
rNeg    . . .      Spirit   .   b - +0 leather armour
rPois   .          Reflect  .   (no helmet)
rElec   .          Harm     .   (no cloak)
rCorr   .          Rampage  .   (no gloves)
Will    .....                   (no boots)
Stlth   ++........              (no amulet)
HPRegen 0.05/turn               (no ring)
MPRegen 0.09/turn               (no ring)

@: no status effects
A: no striking features
a: no special abilities


You were on level 2 of the Dungeon.
You visited 1 branch of the dungeon, and saw 2 of its levels.

You collected 69 gold pieces.

Inventory:

Hand Weapons
 a - a +0 club (weapon)
Armour
 b - a +0 leather armour (worn)
Wands
 c - a wand of flame (12) (quivered)
 d - a wand of charming (15)
Scrolls
 f - a scroll of blinking {unknown}
 g - a scroll of magic mapping {unknown}
 j - a scroll of enchant weapon {unknown}
 k - a scroll of noise {unknown}
 l - a scroll of identify {unknown}
Potions
 h - a potion of degeneration {unknown}
 i - a potion of berserk rage {unknown}
Miscellaneous
 e - a piece from Xom's chessboard (15/15)


   Skills:
 - Level 0.7 Fighting
 - Level 0.7 Armour
 - Level 2.4 Dodging
 - Level 1.2 Stealth
 + Level 4.1 Evocations


You had one spell level left.
You didn't know any spells.
Your spell library was empty.

Dungeon Overview and Level Annotations

Branches:
Dungeon (2/15)

Altars:


Message History

The goblin hits you but does no damage.
You closely miss the goblin. You punch the goblin, but do no damage.
The goblin barely misses you.
You barely miss the goblin. The goblin hits you with a +0 club.
The rat completely misses you.
You are too injured to fight recklessly!
You are too injured to fight recklessly!
You are too injured to fight recklessly!
You see here a rat corpse.
You hit the goblin but do no damage. The goblin barely misses you.
You hit the goblin.
The goblin is heavily wounded.
The goblin barely misses you. The goblin misses you.
You closely miss the goblin.
The goblin is heavily wounded.
The goblin hits you with a +0 club.
You closely miss the goblin.
The goblin is heavily wounded.
The goblin barely misses you.
You closely miss the goblin.
The goblin is heavily wounded.
The goblin misses you. The goblin hits you with a +0 club.
* * * LOW HITPOINT WARNING * * *
You closely miss the goblin.
The goblin is heavily wounded.
The goblin barely misses you.
You miss the goblin.
The goblin is heavily wounded.
The goblin barely misses you.
Aiming: Throw Flame
Press: ? - help, Shift-Dir - straight line, f - goblin
Aim: a goblin, wielding a +0 club (heavily wounded, 64% to hit)
The puff of flame misses the goblin.
The puff of flame hits the rat!
You kill the rat!
The goblin barely misses you.
Unknown command.
You miss the goblin. Your punch misses the goblin.
The goblin is heavily wounded.
The goblin hits you with a +0 club.
You die...

..... .... ## ...
... #.####...
##.#......
#####........
...#....#...###
.......@g.<...####
##>$....##.##....#
###....##.<.# .
##.######..# #.
#.... ## ..#.# .#
.. .# . #


You could see a goblin.

Vanquished Creatures
  3 ball pythons
  An endoplasm (D:1)
  A giant cockroach (D:1)
  A hobgoblin (D:1)
  A quokka (D:1)
  A frilled lizard (D:1)
  2 rats (D:2)
10 creatures vanquished.

Notes
Turn   | Place    | Note
-------+----------+-------------------------------------------
     0 | D:1      | SnakkuSnakku7 the Deep Elf Artificer began the quest for
                  | the Orb.
     0 | D:1      | Reached XP level 1. HP: 11/11 MP: 3/3
   458 | D:1      | Found a faded altar of an unknown god.
  1574 | D:1      | Reached skill level 4 in Evocations
  1574 | D:1      | Reached XP level 2. HP: 13/16 MP: 4/4
  1733 | D:2      | Slain by a goblin

Illustrated notes

Levels and vault maps discovered:
D:1:      shiori_shiawase, layout_basic, ebering_ecumenical_altar_ruins
D:2:      layout_rooms, basic_altar, serial_shops, nicolae_square_shop,
          serial_bayou_pond_e

Skill      XL: |  1 |
---------------+----+-----
Evocations     | 4 |  4.1
Fighting       | |  0.7
Armour         | |  0.7
Dodging        | |  2.4
Stealth        | |  1.2

Action                   || total
-------------------------++-------
Melee: Club              ||    58
       Punch             ||     1
Evoke: Wand              ||     3
 Stab: Sleeping          ||     1
Armor: Leather armour    ||    12
Dodge: Dodged            ||    55
